 Dungeon Crawl Stone Soup version 0.28.0 (webtiles) character file.

Game seed: 14598128145343605542

2396 blackman the Cleaver (level 9, -2/74 HPs)
             Began as a Minotaur Fighter on Feb 6, 2022.
             Was a Priest of Okawaru.
             Slain by a killer bee (7 damage)
             ... on level 8 of the Dungeon.
             The game lasted 00:07:15 (8783 turns).

blackman the Cleaver (Minotaur Fighter)             Turns: 8783, Time: 00:07:15

Health: -2/74      AC:  9    Str: 24    XL:     9   Next: 22%
Magic:  9/9        EV:  8    Int:  5    God:    Okawaru [***...]
Gold:   387        SH:  8    Dex: 11    Spells: 8/8 levels left

rFire   . . .      SeeInvis .   a - +0 war axe
rCold   . . .      Faith    .   E - +0 kite shield
rNeg    . . .      Spirit   .   b - +0 scale mail
rPois   .          Reflect  .   (helmet restricted)
rElec   .          Harm     .   t - +0 cloak
rCorr   .          Rampage  .   j - +0 pair of gloves
Will    .....                   (no boots)
Stlth   ..........              (no amulet)
HPRegen 0.22/turn               (no ring)
MPRegen 0.11/turn               (no ring)

@: lethally poisoned (-2 -> -12)
A: horns 2, retaliatory headbutt
a: Renounce Religion, Heroism


You were on level 8 of the Dungeon.
You worshipped Okawaru.
Okawaru was most pleased with you.
You visited 2 branches of the dungeon, and saw 9 of its levels.

You collected 387 gold pieces.

Inventory:

Hand Weapons
 a - a +0 war axe (weapon)
 A - a +4 dire flail of protection
Armour
 b - a +0 scale mail (worn)
 c - a +0 buckler
 j - a +0 pair of gloves (worn)
 t - a +0 cloak (worn)
 E - a +0 kite shield (worn)
Jewellery
 h - a ring of wizardry
 x - a ring of protection from cold
 y - a ring of wizardry
 C - a +6 ring of strength
 F - an amulet of the acrobat
Wands
 d - a wand of flame (24)
Scrolls
 k - a scroll of noise {unknown}
 l - a scroll of brand weapon {unknown}
 o - a scroll of immolation {unknown}
 p - a scroll of silence {unknown}
 u - a scroll of teleportation
 w - 2 scrolls of amnesia {unknown}
 z - a scroll of magic mapping {unknown}
 B - a scroll of identify {unknown}
 D - a scroll of fear
Potions
 e - 3 potions of degeneration {unknown}
 f - a potion of attraction {unknown}
 g - a potion of berserk rage {unknown}
 i - 5 potions of curing
 m - 2 potions of resistance
 n - a potion of invisibility {unknown}
 q - a potion of flight {unknown}
 r - 3 potions of lignification {unknown}
 s - 3 potions of brilliance {unknown}
 v - 2 potions of heal wounds {unknown}


   Skills:
 - Level 5.1 Fighting
 - Level 13.9 Axes
 - Level 3.6 Armour
 * Level 3.9 Shields
 - Level 2.4 Invocations


You had 8 spell levels left.
You didn't know any spells.
Your spell library contained the following spells:

 Spells                   Type           Power      Damage    Failure   Level
 Corpse Rot               Necr/Air       0%         N/A       99%         2
 Poisonous Vapours        Pois/Air       0%         N/A       99%         2
 Scorch                   Fire           0%         2d5       99%         2
 Portal Projectile        Hex/Tloc       0%         N/A       100%        3
 Flame Wave               Conj/Fire      0%         2d4       100%        4
 Leda's Liquefaction      Hex/Erth       0%         N/A       100%        4
 Call Canine Familiar     Summ           Unusable   N/A       N/A         3
 Summon Cactus Giant      Summ           Unusable   N/A       N/A         6

Dungeon Overview and Level Annotations

Branches:
Dungeon (8/15)             Temple (1/1) D:4
   Lair: D:8-11

Altars:
Ashenzari
Cheibriados
Dithmenos
Elyvilon
Fedhas
Gozag
Hepliaklqana
Kikubaaqudgha
Makhleb
Nemelex Xobeh
Okawaru
Qazlal
Ru
Sif Muna
Trog
Uskayaw
Vehumet
Wu Jian
Xom
Yredelemnul
Zin
The Shining One

Shops:
D:4 *   D:6 =

Annotations:
D:3 1 runed translucent door, Crazy Yiuf


Innate Abilities, Weirdness & Mutations

You have a pair of horns on your head.
You reflexively headbutt those who attack you in melee.


Message History

The killer bee stings you.
* * * LOW HITPOINT WARNING * * *
You are more poisoned.
The killer bee poisons you!
The killer bee stings you but does no damage. x2
You feel better. The killer bee barely misses you.
The killer bee stings you but does no damage.
The killer bee closely misses you. You furiously retaliate!
You headbutt the killer bee.
The killer bee stings you but does no damage.
You closely miss the killer bee.
The killer bee is almost dead.
You barely miss the killer bee. The killer bee stings you.
* * * LOW HITPOINT WARNING * * *
The killer bee stings you.
* * * LOW HITPOINT WARNING * * *
You block the killer bee's attack.
The killer bee stings you but does no damage.
You miss the killer bee.
The killer bee is almost dead.
You barely miss the killer bee. You block the killer bee's attack.
The killer bee barely misses you. The killer bee stings you.
* * * LOW HITPOINT WARNING * * *
The killer bee stings you but does no damage.
You barely miss the killer bee.
The killer bee is almost dead.
You hit the killer bee.
The killer bee stings you but does no damage.
The killer bee stings you.
* * * LOW HITPOINT WARNING * * *
You block the killer bee's attack. x2
You hit the killer bee.
The killer bee is almost dead.
You barely miss the killer bee. The killer bee stings you.
* * * LOW HITPOINT WARNING * * *
The killer bee stings you.
* * * LOW HITPOINT WARNING * * *
You are lethally poisoned!
The killer bee poisons you! The killer bee stings you!
You die...

...###.### #..#
#..
#.......####..#
.##
####.##......# .#
#........## #.#
#####...######..#
#..<...##...#
#.#........#
#.###......# #.
####@y.### #.
##y...# #.
#..#..# ..
#.##..... #.
.##.. #. .# . ..
# .# ..


You could see 2 killer bees.

Vanquished Creatures
  Pikel (D:7)
  Edmund (D:5)
  A sky beast (D:5)
  2 centaurs
  A kobold brigand (D:6)
  A wyvern zombie (D:7)
  A gnoll sergeant (D:8)
  A scorpion (D:5)
  7 killer bees
  4 wights (D:5)
  3 bullfrog zombies
  2 centaur zombies
  A bullfrog skeleton (D:5)
  A centaur skeleton (D:7)
  A hound (D:5)
  A gnoll shaman (D:6)
  An orc priest (D:4)
  4 jellies
  An iguana (D:4)
  An orc wizard (D:8)
  A killer bee zombie (D:7)
  A hound skeleton (D:4)
  A howler monkey zombie (D:6)
  11 gnolls
  7 adders
  A howler monkey skeleton (D:4)
  A shadow imp (D:6)
  A white imp (D:6)
  An adder skeleton (D:4)
  2 worms (D:3)
  2 dart slugs
  11 orcs
  7 endoplasms
  5 giant cockroaches
  4 goblins
  6 hobgoblins
  2 jackals (D:4)
  8 kobolds
  4 quokkas
  10 ball pythons
  6 bats
  3 frilled lizards
  5 rats
136 creatures vanquished.

Vanquished Creatures (others)
  5 fungi (D:5)
  4 plants (D:3)
  3 toadstools (D:5)
12 creatures vanquished.

Grand Total: 148 creatures vanquished

Notes
Turn   | Place    | Note
-------+----------+-------------------------------------------
     0 | D:1      | blackman the Minotaur Fighter began the quest for the Orb.
     0 | D:1      | Reached XP level 1. HP: 19/19 MP: 0/0
    45 | D:1      | Reached skill level 3 in Axes
   135 | D:1      | Reached XP level 2. HP: 26/26 MP: 1/1
   269 | D:1      | Reached skill level 4 in Axes
   656 | D:2      | Reached XP level 3. HP: 28/31 MP: 2/2
   849 | D:2      | Reached skill level 5 in Axes
  1112 | D:2      | Reached XP level 4. HP: 38/39 MP: 3/3
  1706 | D:3      | Reached skill level 6 in Axes
  1909 | D:3      | Found a sacrificial altar of Ru.
  2245 | D:3      | Reached XP level 5. HP: 45/45 MP: 4/4
  2255 | D:3      | Found a runed translucent door.
  2256 | D:3      | Noticed Crazy Yiuf
  2587 | D:4      | Found a staircase to the Ecumenical Temple.
  2601 | Temple   | Entered the Ecumenical Temple
  2837 | Temple   | Became a worshipper of Warmaster Okawaru
  2932 | D:4      | You fall into a shaft and drop 3 floors!
  2980 | D:7      | Reached skill level 7 in Axes
  3025 | D:6      | Found Vewaihime's Jewellery Emporium.
  3031 | D:5      | Entered Level 5 of the Dungeon
  3202 | D:5      | Reached XP level 6. HP: 51/51 MP: 5/5
  3245 | D:5      | Noticed a sky beast
  3265 | D:5      | HP: 2/51 [something (5)]
  3271 | D:5      | Killed a sky beast
  3272 | D:5      | Reached skill level 8 in Axes
  4211 | D:4      | Reached * piety under Okawaru
  4212 | D:4      | Reached skill level 9 in Axes
  4260 | D:4      | Found Pammymogg's Fire Supplies.
  4344 | D:4      | Reached XP level 7. HP: 50/57 MP: 6/6
  5048 | D:5      | Reached skill level 10 in Axes
  5451 | D:5      | Reached skill level 1 in Invocations
  5476 | D:5      | Noticed Edmund
  5493 | D:5      | Killed Edmund
  5857 | D:6      | Reached ** piety under Okawaru
  5858 | D:6      | Reached XP level 8. HP: 58/67 MP: 8/8
  5940 | D:6      | Reached skill level 5 in Fighting
  6483 | D:6      | Reached skill level 11 in Axes
  7076 | D:7      | Reached skill level 12 in Axes
  7955 | D:7      | Noticed Pikel
  8132 | D:7      | Killed Pikel
  8132 | D:7      | Reached *** piety under Okawaru
  8133 | D:7      | Reached skill level 13 in Axes
  8133 | D:7      | Reached XP level 9. HP: 50/74 MP: 9/9
  8783 | D:8      | Slain by a killer bee

Illustrated notes

Levels and vault maps discovered:
D:1:      grunt_arrival_lava_bath, layout_basic, wad_floor_pattern_1,
          nicolae_figureground_pulse
D:2:      layout_basic, amcnicky_mini_pool_small, kennysheep_generic_room_3
D:3:      kennysheep_big_flooded_room, layout_rooms,
          mainiacjoe_overflow_cross_hatched, serial_bayou, serial_bayou_pond_d,
          serial_bayou_lagoon_a, serial_bayou_ford_a, serial_bayou_pond_d,
          serial_bayou_shore_a, serial_bayou_pond_c, uniq_crazy_yiuf_cottage
D:4:      layout_loops_cross, minmay_temple_entry_purple_smoke, dk_vineyard_1,
          nrook_campfire, grunt_ministairs_4, st_stairs_10,
          nicolae_shop_fire_sale [nicolae_sub_dead_trees]
D:5:      layout_cave_pools, minmay_gold_behind_fungi,
          amcnicky_mini_corridor_feature, uniq_edmund
D:6:      layout_loops_corners, serial_shops, nicolae_stop_n_shop_2
D:7:      layout_loops_cross, uniq_pikel
D:8:      layout_rooms, grunt_decor_resistance
Temple:   mainiacjoe_temple_archimedes_tessellation

Skill      XL: |  1  2  3  4  5  6  7  8 |
---------------+-------------------------+-----
Axes           | 3 4 5 6 7 9 10 13 | 13.9
Fighting       | 4 5 |  5.1
Invocations    | 2 |  2.4
Armour         | |  3.6
Shields        | |  3.9

Action                   |  1- 3 |  4- 6 |  7- 9 || total
-------------------------+-------+-------+-------++-------
Melee: War axe           |    79 |   130 |   180 ||   389
       Headbutt          |     8 |    24 |    26 ||    58
Invok: Heroism           |       |       |     1 ||     1
  Use: Potion            |       |       |     3 ||     3
       Scroll            |       |       |     2 ||     2
Armor: Scale mail        |    31 |    70 |    77 ||   178
Dodge: Dodged            |    41 |    41 |    81 ||   163
Block: Buckler           |    22 |    25 |    29 ||    76
       Kite shield       |       |       |    11 ||    11
